 Dungeon Crawl Stone Soup version 0.27.1-33-g824d729ab1 (webtiles) character file.

Game seed: 15612609521835993672

5 Destapler the Magician (level 1, 14/15 HPs)
             Began as a Djinni Fire Elementalist on Dec 1, 2021.
             Was a Follower of Jiyva.
             Got out of the dungeon alive.
             The game lasted 00:00:57 (196 turns).

Destapler the Magician (Djinni Fire Elementalist)    Turns: 196, Time: 00:00:58

Health: 14/15      AC:  2    Str:  7    XL:     1   Next: 88%
Gold:   0          EV: 12    Int: 16    God:    Jiyva [*.....] SH:  0 Dex: 13

rFire    + + .     SeeInvis .   (no weapon)
rCold    x . .     Faith    .   (no shield)
rNeg     . . .     Spirit   .   a - +0 robe
rPois    ∞         Reflect  .   (no helmet)
rElec    .         Harm     .   (no cloak)
rCorr    .         Rampage  .   (no gloves)
Will     .....                  (boots unavailable)
Stlth    ++........             (no amulet)
HPRegen  0.05/turn              (no ring)
MPRegen  0.00/turn              (no ring)

@: flying
A: sickness immunity, fire resistance 2, cold vulnerability 1, float, innate
caster, hp casting, extra vitality 1
a: Renounce Religion, Request Jelly


You escaped.
You worshipped Jiyva.
Jiyva was aware of your devotion.
You visited 1 branch of the dungeon, and saw 1 of its levels.

Inventory:

Armour
 a - a +0 robe (worn)
Scrolls
 c - a scroll of identify {unknown}
Potions
 b - a potion of brilliance {unknown}


   Skills:
 + Level 2.4 Dodging
 + Level 1.7 Stealth
 + Level 2.5 Spellcasting


You couldn't memorise any spells.
You knew the following spells:

 Your Spells              Type           Power      Damage    Failure   Level
a - Foxfire               Conj/Fire      40%        2x1d6     7%          1
b - Conjure Flame         Conj/Fire      10%        6-21      22%         3
c - Inner Flame           Hex/Fire       10%        N/A       22%         3
d - Sticky Flame          Conj/Fire      10%        2d3       56%         4
e - Fireball              Conj/Fire      5%         3d5       89%         5
Your spell library was empty.

Dungeon Overview and Level Annotations

Branches:
Dungeon (1/15)

Altars:
Jiyva


Innate Abilities, Weirdness & Mutations

You are immune to sickness and miasma.
You are immune to poison.
Your flesh is very heat resistant. (rF++)
You are vulnerable to cold. (rC-)
You float through the air rather than walking.
You learn spells naturally, not from books.
Your magical power is your life essence.
You have superior vitality. (+4 HP)


Message History

A ball python comes into view.
A ball python is nearby!
You conjure some foxfire!
The ball python hisses angrily.
Your foxfire dissipates!
The foxfire hits the ball python.
The ball python is moderately wounded.
You conjure some foxfire!
The foxfire hits the ball python.
The ball python is heavily wounded.
The foxfire hits the ball python.
The ball python is severely wounded.
You conjure some foxfire!
The foxfire hits the ball python.
You kill the ball python!
Your foxfire dissipates!
Found a dagger.
Found a faded altar of an unknown god.
You see here a ball python corpse.
Found a scroll labelled QEVYZX LANKO.
There is a faded altar of an unknown god here.
You see here a +0 dagger.
You cannot tell which god this altar belongs to.
Convert to them anyway?
Jiyva accepts your prayer! Jiyva welcomes you! Jiyva grants you a jelly!
You can now request a jelly.
(D) Dungeon
Where to? (? - help)
Okay, then.
You hear a slurping noise.
You hear a distant slurping noise.
c - a scroll labelled QEVYZX LANKO You reach down and open the door.
There is an open door here.
You hear a distant slurping noise.
You hear a distant slurping noise.
There is an abandoned shop here.
You hear a distant slurping noise.
There is a staircase leading out of the dungeon here.
Are you sure you want to leave the Dungeon?
This will make you lose the game!
You have escaped!

##.## .#####
....#+##......
.#..........#
.#..........#
$#..........
.#.......# ###
.##......#### ##@#
†....._.....###..#
.##......#.###...#
.##......#.###...###
.##.#.####.##......#
.##.....##.##.....∩#
###.....##.#∩.....##
........'..#∩.....##
####....##.#∩......#


There were no monsters in sight!

Vanquished Creatures
  A ball python (D:1)
  A bat (D:1)
  2 goblins (D:1)
4 creatures vanquished.

Vanquished Creatures (others)
  11 foxfires (D:1)
11 creatures vanquished.

Grand Total: 15 creatures vanquished

Notes
Turn   | Place    | Note
-------+----------+-------------------------------------------
     0 | D:1      | Destapler the Djinni Fire Elementalist began the quest for
                  | the Orb.
     0 | D:1      | Reached XP level 1. HP: 15/15 MP: 0/0
   166 | D:1      | Found a faded altar of an unknown god.
   174 | D:1      | Became a worshipper of Jiyva Jupnujed the Shapeless
   174 | D:1      | Reached * piety under Jiyva
   196 | D:$      | Got out of the dungeon alive.

Illustrated notes

Levels and vault maps discovered:
D:1:      amcnicky_arrival_abandoned_market, layout_basic,
          ebering_ecumenical_altar_sacrificial

Action                   || total
-------------------------++-------
 Cast: Foxfire           ||     8
